Map: Odyssey LE

Players

Erfeyah - Winner!

  • Race: Protoss Protoss
  • Spawn Location: 11:00

A.I. 1 (Very Easy)

  • Race: Terran Terran
  • Spawn Location: 5:00

VOD

Have the link to the VOD?

Description

Time

  • Played on: Nov. 17, 2017, 4:41 p.m.
  • Length: 18:49
Show
View Real Time Build Order
Export as new Build Order

Erfeyah Protoss - Winner!

Build Orders:  

Get SALT Encoding   

  12  0:06  Probe  
  13  0:21  Pylon  
  13  0:50  Gateway  
  13  1:03  Gateway  
  13  1:05  Gateway  
  13  1:07  Probe  
  14  1:20  Probe  
  14  1:21  Assimilator  
  15  1:32  Probe  
  16  1:52  Cybernetics Core  
  16  2:06  Zealot  
  16  2:07  Zealot x2  
  22  2:20  Pylon  
  22  2:22  Pylon  
  22  2:52  Probe  
  23  3:23  Gateway  
  23  3:24  Gateway  
  23  3:28  Gateway  
  23  3:36  Warp Gate (Chrono Boost)  
  23  3:54  Assimilator  
  23  4:18  Pylon  
  23  4:21  Pylon  
  23  4:24  Pylon  
  23  4:26  Pylon  
  23  4:28  Stalker x2  
  23  4:29  Stalker  
  29  4:33  Probe  
  30  4:45  Probe  
  31  4:57  Probe  
  32  5:09  Probe, Nexus  
  33  5:21  Probe  
  34  5:39  Stalker x2  
  34  5:40  Stalker x2  
  42  6:23  Assimilator  
  42  6:24  Probe  
  43  6:36  Probe  
  44  6:45  Stalker x2  
  44  6:46  Stalker  
  50  6:48  Probe  
  51  7:00  Probe  
  52  7:12  Probe  
  53  7:24  Probe  
  54  7:30  Stalker x3  
  54  7:37  Probe  
  61  7:53  Zealot x5  
  71  8:06  Probe  
  72  8:13  Probe  
  72  8:18  Probe  
  74  8:25  Probe  
  75  8:27  Assimilator  
  75  8:30  Probe  
  76  8:37  Probe  
  77  8:46  Stalker x4  
  85  8:49  Probe  
  86  9:24  Pylon  
  86  9:27  Pylon  
  86  9:29  Pylon  
  86  9:31  Pylon  
  86  9:35  Pylon  
  86  9:42  Probe  
  87  9:54  Probe  
  88  10:05  Pylon  
  88  10:07  Pylon  
  88  10:10  Pylon  
  88  10:13  Pylon  
  88  10:43  Nexus  
  88  10:47  Stalker x5  
  98  11:15  Gateway  
  98  11:18  Gateway  
  98  11:20  Gateway  
  98  11:22  Gateway  
  98  11:26  Gateway  
  98  11:27  Gateway  
  98  11:30  Gateway  
  94  12:08  Probe  
  95  12:20  Probe  
  96  12:32  Assimilator  
  96  12:33  Probe  
  97  12:45  Probe  
  98  12:57  Probe  
  99  13:09  Probe  
  100  13:37  Gateway  
  100  13:39  Gateway  
  100  13:52  Pylon  
  100  13:54  Pylon  
  100  13:57  Pylon  
  100  14:00  Pylon  
  100  14:06  Pylon  
  100  14:08  Pylon  
  100  14:11  Pylon  
  100  14:16  Pylon  
  100  14:18  Pylon  
  100  14:22  Pylon  
  100  14:42  Gateway  
  100  14:44  Gateway  
  100  14:46  Gateway  
  100  14:49  Gateway  
  100  14:50  Stalker x4  
  100  14:51  Stalker  
  100  14:52  Gateway  
  110  14:55  Gateway  
  110  15:32  Stalker  
  110  15:35  Stalker  
  114  15:36  Stalker  
  114  17:57  Stalker x8  
  114  17:58  Stalker x6  
Show
View Real Time Build Order
Export as new Build Order

A.I. 1 (Very Easy) Terran 

Build Orders: Reaper Expand 

Get SALT Encoding   

  12  0:00  SCV  
  13  0:13  SCV  
  14  0:19  Supply Depot  
  14  0:46  Barracks  
  14  1:06  Command Center  
  14  1:33  Marine  
  14  1:34  Supply Depot, Orbital Command  
  14  1:38  Refinery  
  15  1:49  Refinery  
  15  1:59  SCV  
  16  2:12  SCV  
  17  2:18  SCV, Reaper  
  19  2:25  SCV  
  20  2:32  SCV  
  21  2:40  SCV  
  22  2:47  SCV  
  23  2:54  SCV  
  23  2:56  Refinery  
  24  3:01  SCV, Marine  
  26  3:08  SCV  
  27  3:15  SCV  
  27  3:17  Factory  
  28  3:42  SCV, Refinery  
  28  3:45  Marine  
  30  3:50  SCV  
  31  3:57  SCV  
  31  4:00  Supply Depot  
  32  4:04  SCV, Starport  
  33  4:11  SCV  
  34  4:18  SCV  
  35  4:26  SCV  
  35  4:28  Reaper  
  37  4:33  SCV  
  38  4:40  SCV  
  38  4:41  Starport Tech Lab  
  38  4:44  Supply Depot  
  39  4:47  SCV  
  40  4:54  SCV  
  41  5:02  SCV, Raven  
  44  5:09  SCV  
  44  5:12  Marine  
  46  5:16  SCV  
  47  5:23  SCV  
  48  5:44  Raven  
  50  5:55  Marine  
  51  6:39  Barracks Tech Lab  
  53  7:01  Marauder  
  53  11:00  Medivac, Marauder  
  53  11:02  Supply Depot  
  57  11:24  Marauder  
  59  11:27  Command Center  
  59  11:30  Medivac  
  59  11:32  Supply Depot  
  57  11:45  Marine  
  53  11:59  Raven  
  55  12:03  Marine  
  56  12:21  Marine  
  57  12:38  Marine  
  58  12:53  Refinery  
  58  12:56  Marine, Refinery  
  59  13:15  Marauder  
  61  15:24  Marine  
  62  15:42  Marine  
  61  15:53  Raven  
  50  15:59  Marine  
  49  16:18  Marauder  
  44  16:36  Medivac  
  44  16:39  Marine  
  46  16:41  SCV  
  35  16:55  SCV  
  35  16:56  Marine  
  33  17:02  SCV  
  33  17:09  SCV  
  33  17:14  Marine  
  34  17:17  SCV  
  29  17:24  SCV  
  24  17:31  Command Center  
  24  17:32  SCV  
  23  17:44  Orbital Command  
  18  18:22  Supply Depot  
Tags
 
Add a new tag
Caveats
  • Supply blocks, unpowered buildings, or Contaminate may cause inaccurate times.
  • Supply counts are checked every 10 seconds.